Map: Pillars of Gold LE

Players

Kelazhur - Winner!

  • Race: Terran Terran
  • Spawn Location: 7:00

Pacomike

  • Race: Protoss Protoss
  • League: Grandmaster
  • Spawn Location: 1:00

Event: DreamHack SC2 Masters 2020 Winter

VOD

Have the link to the VOD?

Description

Time

  • Played on: Oct. 21, 2020, 3:30 p.m.
  • Length: 8:55

All games in this series

Show
View Real Time Build Order
Export as new Build Order

Kelazhur Terran - Winner!

Build Orders: Reaper Expand 

Get SALT Encoding   

  12  0:00  SCV  
  13  0:12  SCV  
  14  0:17  Supply Depot  
  14  0:24  SCV  
  15  0:39  SCV  
  15  0:40  Barracks  
  16  0:44  Refinery  
  16  0:51  SCV  
  17  1:03  SCV  
  18  1:15  SCV  
  19  1:27  Orbital Command  
  19  1:28  Reaper  
  20  1:47  Command Center  
  20  1:53  SCV  
  21  2:00  Marine  
  22  2:04  Bunker  
  22  2:08  Supply Depot  
  22  2:10  SCV  
  23  2:18  Barracks Reactor  
  23  2:26  Factory  
  23  2:30  SCV  
  24  2:42  SCV  
  25  2:47  Refinery  
  25  2:54  SCV  
  25  2:55  Marine  
  25  2:56  Marine  
  28  3:00  Orbital Command  
  28  3:06  SCV  
  28  3:11  Starport, Hellion  
  31  3:14  Marine x2  
  31  3:18  SCV  
  34  3:26  SCV  
  35  3:30  SCV  
  35  3:32  Widow Mine  
  38  3:34  Supply Depot  
  38  3:36  Marine  
  38  3:37  Marine  
  38  3:38  SCV  
  41  3:43  SCV  
  42  3:48  Medivac  
  42  3:51  SCV  
  42  3:55  SCV, Marine x2  
  46  3:56  Widow Mine  
  46  3:58  Supply Depot  
  50  4:04  SCV  
  50  4:09  SCV  
  51  4:13  Marine x2  
  51  4:17  Barracks  
  51  4:18  Barracks  
  51  4:19  Factory Tech Lab, Starport Tech Lab  
  51  4:23  SCV  
  51  4:26  SCV  
  52  4:31  Marine  
  52  4:32  Marine  
  52  4:35  SCV  
  52  4:38  Raven, SCV, Supply Depot  
  56  4:44  Siege Tank  
  61  4:47  SCV, Refinery  
  61  4:48  Refinery  
  62  4:59  Marine x2, Engineering Bay  
  66  5:00  SCV x2  
  64  5:12  SCV x2  
  66  5:18  Marine x2  
  68  5:25  Supply Depot  
  68  5:27  Barracks Tech Lab  
  69  5:28  SCV  
  69  5:29  Terran Infantry Weapons Level 1  
  69  5:38  SCV  
  69  5:40  Marauder, Supply Depot, Viking, Siege Tank, SCV  
  78  5:46  Marine x2  
  78  5:49  Marauder  
  82  5:50  SCV  
  82  5:52  SCV  
  82  5:53  Combat Shield, Stimpack  
  84  5:59  Supply Depot  
  86  6:04  Marauder  
  86  6:05  Marine x2  
  88  6:14  Medivac  
  90  6:20  Marauder  
  94  6:25  Marauder  
  94  6:27  Marine x2  
  96  6:34  SCV  
  97  6:44  Medivac, Marauder  
  97  6:45  Marine  
  102  6:47  Supply Depot  
  102  6:52  Command Center  
  102  6:54  Supply Depot  
  102  6:55  Marine  
  102  6:56  Siege Tank, Marauder  
  108  7:01  SCV x2  
  110  7:08  Barracks  
  110  7:09  Marine  
  110  7:12  Barracks  
  110  7:13  SCV  
  112  7:17  Marine, Marauder, SCV  
  116  7:26  SCV  
  115  7:32  Marauder, Starport Reactor  
  115  7:35  SCV  
  111  7:39  Marine  
  111  7:43  Marine, Marauder  
  115  7:45  Concussive Shells, Siege Tank  
  115  7:46  SCV  
  115  7:47  SCV  
  119  7:57  Marine x2, Marauder  
  119  7:59  SCV  
  119  8:01  Barracks Tech Lab  
  119  8:05  Marauder  
  122  8:06  Armory  
  119  8:13  SCV  
  119  8:16  SCV  
  119  8:17  Siege Tank  
  119  8:19  Marauder  
  120  8:20  Orbital Command  
  120  8:21  Refinery  
  120  8:23  Marauder  
  120  8:25  Barracks Reactor  
  120  8:26  Marine  
  122  8:27  SCV  
  125  8:41  Supply Depot  
  125  8:42  Supply Depot  
Show
View Real Time Build Order
Export as new Build Order

Pacomike Protoss 

Build Orders: 1 Gate Expand 

Get SALT Encoding   

  12  0:00  Probe  
  13  0:12  Probe  
  14  0:18  Pylon  
  14  0:25  Probe (Chrono Boost)  
  15  0:37  Probe (Chrono Boost)  
  15  0:40  Gateway  
  16  0:44  Probe (Chrono Boost)  
  16  0:48  Assimilator  
  17  0:51  Probe  
  18  1:03  Probe  
  19  1:15  Probe  
  20  1:27  Cybernetics Core  
  20  1:35  Nexus  
  20  1:38  Probe  
  21  1:46  Pylon  
  21  1:50  Probe  
  21  1:53  Assimilator  
  22  2:01  Adept (Chrono Boost)  
  22  2:02  Probe  
  25  2:14  Probe  
  26  2:17  Shield Battery  
  26  2:22  Stalker (Chrono Boost)  
  26  2:26  Probe  
  28  2:38  Probe  
  29  2:44  Stalker  
  29  2:47  Probe  
  29  2:50  Probe  
  33  2:53  Robotics Facility  
  33  2:59  Warp Gate, Probe  
  33  3:03  Probe  
  35  3:12  Probe (Chrono Boost)  
  36  3:16  Probe (Chrono Boost)  
  36  3:19  Pylon  
  37  3:23  Probe (Chrono Boost)  
  37  3:26  Probe (Chrono Boost)  
  39  3:28  Probe (Chrono Boost)  
  39  3:32  Probe  
  41  3:38  Probe  
  41  3:41  Robotics Bay  
  42  3:43  Warp Prism  
  42  3:47  Probe (Chrono Boost)  
  45  3:50  Pylon  
  45  3:51  Probe (Chrono Boost)  
  46  4:01  Probe (Chrono Boost)  
  46  4:02  Probe (Chrono Boost)  
  48  4:06  Probe (Chrono Boost)  
  48  4:09  Probe  
  49  4:15  Assimilator  
  48  4:17  Probe  
  48  4:20  Assimilator  
  48  4:21  Gateway, Probe  
  50  4:28  Disruptor (Chrono Boost), Pylon  
  50  4:29  Probe  
  49  4:32  Gravitic Drive  
  49  4:34  Probe  
  49  4:37  Twilight Council  
  53  4:41  Probe  
  53  4:43  Pylon  
  54  4:48  Stalker  
  54  4:49  Probe  
  57  4:53  Probe  
  57  4:57  Observer  
  59  5:04  Probe  
  60  5:08  Probe  
  60  5:13  Blink (Chrono Boost)  
  57  5:16  Probe  
  57  5:18  Disruptor  
  57  5:20  Probe  
  62  5:26  Observer  
  62  5:28  Forge  
  62  5:29  Probe  
  62  5:32  Stalker x2  
  62  5:34  Probe  
  68  5:44  Pylon  
  70  5:52  Nexus  
  68  5:58  Observer  
  68  5:59  Protoss Ground Weapons Level 1 (Chrono Boost)  
  69  6:10  Gateway  
  69  6:11  Gateway, Pylon  
  69  6:13  Probe  
  70  6:20  Probe  
  70  6:22  Observer  
  70  6:25  Probe  
  72  6:27  Stalker x2  
  76  6:33  Probe  
  76  6:37  Probe  
  75  6:45  Probe  
  76  6:51  Gateway x2  
  76  6:54  Pylon  
  76  6:55  Stalker x2, Pylon  
  80  7:02  Shield Battery  
  80  7:04  Shield Battery  
  80  7:05  Disruptor  
  80  7:07  Charge  
  83  7:20  Stalker x3  
  86  7:27  Stalker  
  86  7:29  Probe x3  
  91  7:41  Probe x3  
  91  7:44  Stalker x3  
  98  7:53  Probe  
  98  7:55  Probe  
  82  8:00  Stalker  
  82  8:04  Stalker x2  
  88  8:10  Probe  
  88  8:11  Stalker x2  
  88  8:12  Stalker  
  89  8:17  Probe  
  81  8:23  Probe  
  81  8:24  Stalker  
  80  8:30  Stalker  
  80  8:31  Stalker  
  72  8:45  Nexus  
  72  8:46  Stalker x3  
Tags
 
Add a new tag
Caveats
  • Supply blocks, unpowered buildings, or Contaminate may cause inaccurate times.
  • Supply counts are checked every 10 seconds.